 Dungeon Crawl Stone Soup version 0.29.1-2-gbd0b4ee654 (webtiles) character file.

Game seed: 311130545567353207

1022 llahlahkje the Poker (level 8, -17/60 HPs)
             Began as a Demonspawn Fighter on Nov 22, 2022.
             Was an Initiate of Yredelemnul.
             Demolished by Pikel
             ... wielding a +1 whip of electrocution
              (19 damage)
             ... on level 5 of the Dungeon.
             The game lasted 00:23:03 (3941 turns).

llahlahkje the Poker (Demonspawn Fighter)           Turns: 3941, Time: 00:23:05

Health: -17/60     AC: 13    Str: 18    XL:     8   Next: 2%
Magic:  8/8        EV:  9    Int:  9    God:    Yredelemnul [......]
Gold:   89         SH:  9    Dex: 14    Spells: 7/7 levels left

rFire   . . .      SeeInvis .   a - +0 trident (venom)
rCold   . . .      Faith    .   c - +0 buckler
rNeg    . . .      Spirit   .   b - +0 scale mail
rPois   .          Reflect  .   i - +1 hat
rElec   .          Harm     .   e - +0 cloak
rCorr   .          Rampage  .   p - +0 pair of gloves
Will    .....                   (no boots)
Stlth   ..........              j - amulet of regeneration
HPRegen 1.00/turn               (no ring)
MPRegen 0.11/turn               (no ring)

@: no status effects
A: thin metallic scales 1, foul stench 1, condensation shield
a: Renounce Religion, Recall Undead Harvest


You were on level 5 of the Dungeon.
You worshipped Yredelemnul.
Yredelemnul was noncommittal.
You visited 1 branch of the dungeon, and saw 5 of its levels.
You also visited: Sewer.

You collected 323 gold pieces.
You spent 234 gold pieces at shops.

Inventory:

Hand Weapons
 a - a +0 trident of venom (weapon)
 y - the +4 morningstar of Ecurouvyp {holy, *Rage rPois rF++ Int+2}
   (You bought it in a shop on level 3 of the Dungeon)

   It has been blessed by the Shining One to cause great damage to the undead
   and demons.
   Int:       It affects your intelligence (+2).
   rF:        It greatly protects you from fire.
   rPois:     It protects you from poison.
   *Rage:     It berserks you when you make melee attacks (+20% chance).
   Yredelemnul disapproves of the use of such an item.
Missiles
 f - 23 stones (quivered)
 g - 2 datura-tipped darts
Armour
 b - a +0 scale mail (worn)
 c - a +0 buckler (worn)
 e - a +0 cloak (worn)
 i - a +1 hat (worn)
 p - a +0 pair of gloves (worn)
Magical Staves
 h - a staff of conjuration
Jewellery
 j - an amulet of regeneration (around neck)
Scrolls
 k - a scroll of amnesia
 r - 2 scrolls of teleportation
 s - a scroll of fear
 u - a scroll of brand weapon
 w - a scroll of enchant weapon {unknown}
Potions
 d - a potion of experience {unknown}
 l - a potion of flight
 m - 2 potions of curing
 n - 2 potions of heal wounds
 o - a potion of magic
 q - a potion of ambrosia {unknown}
 t - a potion of berserk rage {unknown}
 v - 2 potions of haste {unknown}
 x - a potion of cancellation {unknown}
 z - a potion of attraction {unknown}


   Skills:
 + Level 4.2 Fighting
 + Level 6.3 Polearms
 * Level 5.5 Armour
 - Level 0.3 Dodging
 + Level 0.4 Stealth
 - Level 3.1 Shields


You had 7 spell levels left.
You didn't know any spells.
Your spell library contained the following spells:

 Spells                   Type           Power      Damage    Failure   Level
 Beastly Appendage        Tmut           0%         N/A       85%         1
 Blink                    Tloc           0%         N/A       94%         2
 Wereblood                Tmut           0%         N/A       94%         2
 Spider Form              Tmut/Pois      0%         N/A       99%         3
 Manifold Assault         Tloc           0%         N/A       100%        5
 Storm Form               Tmut/Air       0%         N/A       100%        7


Dungeon Overview and Level Annotations

Branches:
Dungeon (5/15)              Sewer (visited)
 Temple: D:4-7

Altars:
Hepliaklqana
Yredelemnul

Shops:
D:3 (   D:4 ?

Annotations:
D:3 1 runed translucent door
D:5 Pikel


Innate Abilities, Weirdness & Mutations

You are partially covered in thin metallic scales. (AC +2)
You may rarely emit foul miasma when damaged in melee.
A meltable shield of frost defends you. (SH +4)


Message History

Pikel is lightly wounded.
You block the lemure's attack. Pikel hits you but does no damage.
You hit Pikel.
Pikel looks as sick as possible!
Pikel is lightly wounded.
The lemure hits you but does no damage. You block Pikel's attack.
You closely miss Pikel.
Pikel is lightly wounded.
The lemure barely misses you. Pikel closely misses you.
You closely miss Pikel.
Pikel is lightly wounded.
The lemure hits you but does no damage.
Pikel checks his coin pouch and frowns.
Pikel misses you.
You closely miss the lemure.
The lemure is almost dead.
The lemure hits you but does no damage.
Pikel hits you with a +1 whip of electrocution.
You barely miss the lemure.
The lemure is almost dead.
The lemure hits you. You block Pikel's attack.
You hit the lemure.
You kill the lemure!
That felt strangely unrewarding.
Pikel hits you with a +1 whip of electrocution.
You are electrocuted!
You closely miss Pikel.
Pikel is moderately wounded.
You block Pikel's attack.
You barely miss Pikel.
Pikel is heavily wounded.
Pikel hits you with a +1 whip of electrocution.
You are electrocuted!!
* * * LOW HITPOINT WARNING * * *
You hit Pikel but do no damage.
Pikel is heavily wounded.
Pikel hits you with a +1 whip of electrocution.
* * * LOW HITPOINT WARNING * * *
You are electrocuted!!
You die...
Your body rises from the dead as a mindless zombie.

#.# #.# ###.###.######
#............###
####............#$.
##..+............#.#
.#.##............#.# #
...##............#.###.#..
.#...............#5.......
<'.........>....@K55...#
.#...##......########### #
..#####......# #.. .#
#####...###..# #.######.###.
~~~~~..####..#####............
#####..............#......###
.# #.#....#..#####.#..#.### .#
#......#..# #.#....#
######.......# #)##.###


You could see Pikel (very poisoned) and 3 lemures.

Vanquished Creatures
  Eustachio (D:5)
  An ice beast (D:5)
  An ogre (D:2)
  A lemure (D:5)
  The ghost of DemonSlayer the Firebug, an amateur DsFE (D:3)
  A phantom (D:4)
  A scorpion (D:5)
  4 wights (D:5)
  An orc priest (D:3)
  An iguana (D:4)
  An orc wizard (D:3)
  A hell rat (Sewer)
  6 adders
  3 river rats
  3 worms
  2 dart slugs
  10 orcs
  8 bats
  5 endoplasms
  3 giant cockroaches
  4 goblins
  5 hobgoblins
  A jackal (D:1)
  9 kobolds
  A quokka (D:3)
  6 ball pythons
  4 frilled lizards (D:2)
  9 rats
94 creatures vanquished.

Vanquished Creatures (collateral kills)
  An adder (D:3)
  A worm (D:3)
  An orc (D:3)
  A ball python (D:3)
4 creatures vanquished.

Vanquished Creatures (others)
  A scorpion zombie (D:5)
  A bat zombie (D:3)
  2 ball python zombies
  An endoplasm zombie (D:3)
  A kobold zombie (D:3)
  An orc zombie (D:3)
7 creatures vanquished.

Grand Total: 105 creatures vanquished

Notes
Turn   | Place    | Note
-------+----------+-------------------------------------------
     0 | D:1      | llahlahkje the Demonspawn Fighter began the quest for the
                  | Orb.
     0 | D:1      | Reached XP level 1. HP: 18/18 MP: 1/1
   458 | D:1      | Gained mutation: You are partially covered in thin metallic
                  | scales. (AC +2) [demonic ancestry]
   458 | D:1      | Reached XP level 2. HP: 21/24 MP: 2/2
   464 | D:1      | Reached skill level 2 in Polearms
  1157 | D:2      | Noticed an ogre
  1167 | D:2      | Killed an ogre
  1168 | D:2      | Reached skill level 3 in Polearms
  1168 | D:2      | Gained mutation: You may rarely emit foul miasma when
                  | damaged in melee. [demonic ancestry]
  1168 | D:2      | Reached XP level 3. HP: 13/29 MP: 3/3
  1168 | D:2      | Reached XP level 4. HP: 16/35 MP: 4/4
  1674 | D:2      | Reached XP level 5. HP: 37/41 MP: 5/5
  1960 | D:3      | Found a basalt altar of Yredelemnul.
  1968 | D:3      | Became a worshipper of Yredelemnul the Dark
  2080 | D:3      | Found a hazy altar of Hepliaklqana.
  2122 | D:3      | Found a runed translucent door.
  2213 | D:3      | Reached * piety under Yredelemnul
  2413 | D:3      | Reached skill level 4 in Polearms
  2437 | D:3      | Found a runed translucent door.
  2442 | D:3      | Noticed DemonSlayer's ghost (amateur DsFE)
  2465 | D:3      | Killed DemonSlayer's ghost
  2466 | D:3      | Reached XP level 6. HP: 41/47 MP: 6/6
  2508 | D:3      | Found Idillut's Antique Weapon Shop.
  2785 | D:4      | Found Zica's Magic Scroll Emporium.
  2823 | D:4      | Reached skill level 5 in Polearms
  3471 | D:5      | Entered Level 5 of the Dungeon
  3471 | D:5      | Noticed Eustachio
  3498 | D:5      | Killed Eustachio
  3499 | D:5      | Reached XP level 7. HP: 32/53 MP: 7/7
  3501 | D:5      | Reached skill level 5 in Armour
  3548 | D:5      | Reached skill level 6 in Polearms
  3611 | D:5      | Found a glowing drain.
  3622 | Sewer    | Entered a sewer
  3738 | D:5      | Gained mutation: A meltable shield of frost defends you.
                  | (SH +4) [demonic ancestry]
  3738 | D:5      | Reached XP level 8. HP: 57/60 MP: 8/8
  3844 | D:3      | Bought a jewelled morningstar for 234 gold pieces
  3844 | D:3      | Identified the +4 morningstar of Ecurouvyp {holy, *Rage
                  | rPois rF++ Int+2} (You bought it in a shop on level 3 of
                  | the Dungeon)
  3918 | D:5      | Noticed Pikel
  3941 | D:5      | HP: 2/60 [Pikel/+1 whip of electrocution (5)]
  3941 | D:5      | Demolished by Pikel

Illustrated notes

Levels and vault maps discovered:
D:1:      kennysheep_arrival_seaside, layout_loops_ring, minmay_pentomino_t4
D:2:      layout_basic, shapermc_ecumenical_altar_mp_highgroup
D:3:      layout_basic, mainiacjoe_overflow_concentric_impassable,
          mainiacjoe_overflow_catwalk, serial_shops, shop_statue,
          ebering_ghost_sewer_f, hangedman_feature_mirror
D:4:      layout_loops_corners, serial_shops, nicolae_diamond_shop,
          chequers_decorated_corner
D:5:      gammafunk_wand_slinger, layout_basic,
          gammafunk_temple_overflow_forgotten, minmay_temple_entry_arrows,
          portal_sewer_entry_d, uniq_eustachio, uniq_pikel

Skill      XL: |  1  2  3  4  5  6  7 |
---------------+----------------------+-----
Polearms       | 3 4 5 6 |  6.3
Armour         | 3 4 5 |  5.5
Shields        | 3 |  3.1
Fighting       | 4 |  4.2
Dodging        | |  0.3
Stealth        | |  0.4

Action                   |  1- 3 |  4- 6 |  7- 9 || total
-------------------------+-------+-------+-------++-------
Melee: Trident           |    80 |   229 |    99 ||   408
  Use: Scroll            |     4 |     9 |       ||    13
       Potion            |     2 |     1 |       ||     3
 Stab: Distracted        |       |     1 |       ||     1
Armor: Scale mail        |    42 |   138 |    39 ||   219
       Skin              |     1 |       |       ||     1
Dodge: Dodged            |    33 |   125 |    37 ||   195
Block: Buckler           |    16 |    49 |    21 ||    86
